[Event "*** Titled Tuesday Blitz"]
[Site "Chess.com"]
[Date "2020.10.27"]
[Round "11"]
[White "DinaBelenkaya"]
[Black "BlackBoarder"]
[Result "1-0"]
[WhiteElo "2374"]
[BlackElo "2550"]
[TimeControl "180+1"]
[EndTime "12:06:42 PDT"]
[Termination "DinaBelenkaya won on time"]

1. e4 e6 2. Qe2 c5 3. g3 Nc6 4.
Nf3 g6 5. Bg2 Bg7 6. c3 Nge7 7.
h4 h6 8. O-O d5 9. e5 b5 10. d3 b4 11. Bf4 Ba6 12. Rd1 Qb6 13.
Qd2 Rb8 14. Qc1 bxc3 15. Nxc3 c4 16. dxc4 Bxc4 17. b3 Ba6 18. Na4 Qa5 19. Bd2 Qd8 20. Re1 Rc8 21. Nc5 Qb6 22. Nxa6 Qxa6 23. Bf1 Qb7 24. Qa3 O-O 25. Rac1 Rfd8 26. b4 Nf5 27. b5 Ncd4 28. Ba5 Rxc1 29. Rxc1 Rc8 30. Rxc8+ Qxc8 31. Nxd4 Nxd4 32. Qd3 Bxe5 33. f4 Bg7 34. a4 Qc5 35. Kg2 Nf5 36. Bd2 Bd4 37. a5 Ne3+ 38. Bxe3 Bxe3 39. Be2 d4 40. Qe4 Qb4 41. a6 Qc5 42.
Bd3 Qb6 43. Kh3 Kg7 44. h5 gxh5 45. Qh7+ Kf8 46. Qxh6+ Ke7 47. Qg5+ Ke8 48. Qxh5 Qc7 49. Qh8+ Ke7 50. Qh4+ Ke8 51. Qf6 Bf2 52. b6 Qxb6 53. f5 e5 54. Qxb6 axb6 55. a7 1-0

[Event "*** Titled Tuesday Blitz"]
[Site "Chess.com"]
[Date "2020.10.27"]
[Round "11"]
[White "Bigfish1995"]
[Black "Azerichess"]
[Result "0-1"]
[WhiteElo "3020"]
[BlackElo "3010"]
[TimeControl "180+1"]
[EndTime "12:06:44 PDT"]
[Termination "Azerichess won by resignation"]

1. e4 e5 2. Nf3 Nc6 3. Bb5 a6 4. Ba4 Nf6 5. O-O Nxe4 6. d4 b5 7. Bb3 d5 8. dxe5 Be6 9. c3 Bc5 10. Qe2 O-O 11. Be3 f6 12. Nbd2 Nxd2 13. Qxd2 Bxe3 14.
Qxe3 Nxe5 15. Nxe5 fxe5 16. Qxe5 Qd7 17. Rae1 Bf7 18. Qe7 Rad8 19. Bc2 Qxe7 20. Rxe7 c5 21. Rd1 d4 22. cxd4 Rxd4 23. Rxd4 cxd4 24. f3 Rc8 25. Bf5 Rc1+ 26. Kf2 Bxa2 27. Rd7 Bb1 28. Be6+ Kf8 29. Rxd4 Rc2+ 30. Kg3 Rxb2 31. Rd7 a5 32.
Rf7+ Ke8 33. Rxg7 a4 34. Ra7 Bc2 35. f4 b4 36. f5 Bb3 37. Bd7+ Kf8 38. Bxa4 Ra2 39.
Ra8+ Kg7 40. f6+ Kh6 41. Bc6 Rxa8 42. Bxa8 Bc2 43. Kf4 b3 44. Bd5 b2 45. Ba2 Kg6 46.
Ke5 b1=Q 47. Bxb1 Bxb1 48. Ke6 Ba2+ 49. Ke7 h5 50. g3 Bc4 51. h3 Bb3 52. g4 h4 53. g5 Kxg5 54. f7 Bxf7 55. Kxf7 Kf4 0-1

[Event "*** Titled Tuesday Blitz"]
[Site "Chess.com"]
[Date "2020.10.27"]
[Round "11"]
[White "MarkEvgenievich"]
[Black "AlexeiShirov"]
[Result "1/2-1/2"]
[WhiteElo "2346"]
[BlackElo "2783"]
[TimeControl "180+1"]
[EndTime "12:06:44 PDT"]
[Termination "Game drawn by agreement"]

1. d4 d5 2. c4 c6 3. cxd5 cxd5 4. Bf4 Nc6 5. Nc3 Nf6 6. e3 a6 7. Bd3 Bg4 8. Nge2 e6 9. O-O Be7 10. Rc1 O-O 11. a3 Rc8 12. Na4 Nd7 13. f3 Bh5 14.
Qd2 b5 15. Nc5 Nxc5 16. dxc5 e5 17. Bg3 e4 18. Bb1 exf3 19. gxf3 Bg5 20. Nf4 d4 21. exd4 Nxd4 22. Qd3 Bg6 23. Nxg6 fxg6 24. Rcd1 Rxc5 25.
Qxd4 Qxd4+ 26. Rxd4 Be3+ 27. Bf2 Rg5+ 28. Rg4 Bxf2+ 29.
Rxf2 Rc5 30. Ba2+ Kh8 31. Re4 h5 32. Kg2 Rf6 33. Re6 Rg5+ 34. Kf1 Rxe6 35. Bxe6 Kh7 36. f4 Rc5 37. f5 gxf5 38. Rxf5 Rc1+ 39. Kg2 g6 40.
Rf7+ Kh6 41. Rf2 Kg5 42. Rd2 Kf4 43. Bf7 Kf5 44. Rf2+ Kg5 45. Kg3 Rg1+ 46. Rg2 Rf1 47. Kh3+ Kh6 48. Rxg6+ Kh7 49. Be8 Re1 50. Bf7 Rf1 51.
Rxa6 Rxf7 52. Rb6 Rf3+ 53. Kh4 Rb3 54. Kxh5 Rxb2 55. h4 Rb3 56. Rb7+ Kg8 57. Kh6 Rxa3 58. Rxb5 Ra6+ 59. Kh5 Kg7 60. Rg5+ Kh7 61. Rb5 Kg7 62. Kg5 1/2-1/2

[Event "*** Titled Tuesday Blitz"]
[Site "Chess.com"]
[Date "2020.10.27"]
[Round "11"]
[White "politeplayer"]
[Black "LogoCzar"]
[Result "1/2-1/2"]
[WhiteElo "2232"]
[BlackElo "2371"]
[TimeControl "180+1"]
[EndTime "12:06:44 PDT"]
[Termination "Game drawn by repetition"]

1. e4 c5 2. Nf3 d6 3. d4 cxd4 4.
Nxd4 Nf6 5. Nc3 a6 6. f3 e5 7. Nb3 Be7 8. Be3 Be6 9. Qd2 O-O 10. g4 d5 11. exd5 Nxd5 12. Nxd5 Bxd5 13. Be2 Bh4+ 14. Kf1 Nc6 15. Rd1 Be6 16. Qxd8 Rfxd8 17. Rxd8+ Rxd8 18. Bb6 Rc8 19. Kg2 Nb4 20. c3 Nd5 21. Bf2 Nf4+ 22. Kf1 Be7 23. Be3 Nd5 24. Bf2 b5 25. Bd3 Nf4 26.
Bf5 Bc4+ 27. Ke1 Rd8 28. Bg3 Bg5 29. h4 Be7 30. Bxf4 exf4 31. Rh2 g6 32. Be4 Re8 33. Kd2 Bd8 34. h5 Bb6 35. Nd4 Rd8 36. b3 Be6 37.
hxg6 hxg6 38. Kd3 b4 39. Kc2 Bxd4 40. cxd4 Rxd4 41. Rd2 Rxd2+ 42. Kxd2 Kg7 43. Kd3 Kf6 44. Kd4 Kg5 45. Kc5 f5 46. gxf5 Bxf5 47. Bb7 Bb1 48. Kxb4 Bxa2 49. Bxa6 Kh4 50. Kc3 Kg3 51. Bb7 Bb1 52. b4 g5 53. b5 Bf5 54. b6 Be6 55. Kd2 Kf2 56. Bc6 Bc8 57. b7 Bxb7 58. Bxb7 Kg3 59.
Ke2 g4 60. fxg4 Kxg4 61. Bf3+ Kg3 62. Be4 Kg4 63. Bf3+ Kg3 64. Bb7 Kg4 65. Bf3+ 1/2-1/2

[Event "*** Titled Tuesday Blitz"]
[Site "Chess.com"]
[Date "2020.10.27"]
[Round "11"]
[White "akanga001"]
[Black "Mbneu"]
[Result "0-1"]
[WhiteElo "1921"]
[BlackElo "2198"]
[TimeControl "180+1"]
[EndTime "12:06:45 PDT"]
[Termination "Mbneu won by checkmate"]

1. d4 Nf6 2. c4 c5 3. d5 e6 4.
Nc3 exd5 5. cxd5 d6 6. e4 g6 7. f4 Bg7 8. Nf3 O-O 9. Be2 Nbd7 10. O-O Re8 11. Nd2 c4 12. Bxc4 Nc5 13. Qc2 a6 14.
a4 Qb6 15. Kh1 Bd7 16. a5 Qa7 17. b4 Ncxe4 18. Ndxe4 Nxe4 19. Bb2 Bf5 20. Bd3 Rac8 21. Bxe4 Bxe4 22. Qd2 Bf5 23. Na4 Qe3 24. Qxe3 Rxe3 25. Bxg7 Kxg7 26. Nb6 Rc2 27. Rae1 Rb3 28. Rc1 Rxc1 29.
Rxc1 Rxb4 30. h3 Rxf4 31. Rc7 Rf2 32. Kg1 Ra2 33. Rxb7 Be4 34. h4 Rxg2+ 35. Kf1 Ra2 36. Nc8 Bxd5 37. Rb6 Rxa5 38. Nxd6 Be6 39. Rb4 Rd5 40. Ne4 a5 41. Ra4 Bd7 42. Ra3 a4 43. Kf2 Rb5 44. Nc3 Rb3 45. Rxb3 axb3 46. Nd1 Bf5 47.
Nb2 Bc2 48. Ke3 h6 49. Kf4 f6 50. Nc4 g5+ 51. hxg5 hxg5+ 52. Kg4 Kg6 53. Kg3 f5 54.
Ne5+ Kh5 55. Nc4 f4+ 56. Kg2 g4 57. Kg1 g3 58. Kg2 Be4+ 59. Kg1 f3 60. Nb2 f2+ 61. Kf1 Kg4 62. Nd1 Bd3+ 63. Kg2 f1=Q# 0-1

[Event "*** Titled Tuesday Blitz"]
[Site "Chess.com"]
[Date "2020.10.27"]
[Round "11"]
[White "Flawless_Fighter"]
[Black "elohunter1999"]
[Result "1-0"]
[WhiteElo "2610"]
[BlackElo "2508"]
[TimeControl "180+1"]
[EndTime "12:06:47 PDT"]
[Termination "Flawless_Fighter won on time"]

1. d4 d5 2. c4 c6 3. Nc3 Nf6 4. Nf3 dxc4 5. a4 e6 6. e3 c5 7. Bxc4 Nc6 8. O-O Be7 9. dxc5 Qxd1 10. Rxd1 Bxc5 11. Nb5 O-O 12. b3 a6 13. Nbd4 Nxd4 14.
Nxd4 b6 15. Bb2 Bb7 16. Rac1 Rfd8 17. f3 Rac8 18. Kf2 Nd5 19. Be2 Nxe3 20. Kxe3 e5 21.
Bc4 exd4+ 22. Kd3 Rd7 23. Re1 Kf8 24. Re5 Re8 25. Rce1 Rxe5 26. Rxe5 f6 27. Re6 Bd5 28. Bxd5 Rxd5 29. b4 Bxb4 30. Rxb6 a5 31. Rb7 h5 32. Kc4 Rd8 33. Bxd4 Rc8+ 34. Kd3 Rd8 35. Ke4 Re8+ 36.
Kd3 Rd8 37. Rb5 g6 38. Ke4 Re8+ 39. Kd3 Rd8 40. Kc4 Rc8+ 41. Kb3 Rc6 42. Rb7 Re6 43. Kc4 Re2 44. Bxf6 Rxg2 45. h4 Rf2 46. Bg7+ Ke8 47.
Bd4 Rxf3 48. Rb6 Rf4 49. Rxg6 Rxh4 50. Rg7 Rg4 51. Rh7 h4 52. Kd5 Be7 53. Be5 Rxa4 54.
Ke6 Ra1 55. Rh8+ Bf8 56. Bxa1 1-0

[Event "*** Titled Tuesday Blitz"]
[Site "Chess.com"]
[Date "2020.10.27"]
[Round "11"]
[White "azikom"]
[Black "chessmachine14"]
[Result "0-1"]
[WhiteElo "2535"]
[BlackElo "2349"]
[TimeControl "180+1"]
[EndTime "12:06:50 PDT"]
[Termination "chessmachine14 won on time"]

1. e4 c5 2. Nc3 Nc6 3. d3 d6 4. g3 g6 5. Bg2 Bg7 6. h4 Nf6 7. Nge2 Bg4 8. f3 Bd7 9. Be3 Rb8 10. Qd2 b5 11. Bh6 Bxh6 12. Qxh6 b4 13. Nd1 Ne5 14. O-O Qb6 15. Nf2 d5 16. Rad1 d4 17.
b3 a5 18. g4 a4 19. Ng3 a3 20. g5 Nh5 21. Nxh5 gxh5 22. Qxh5 Qg6 23. Qh6 Qxh6 24.
gxh6 Rb6 25. f4 Ng4 26. Nxg4 Bxg4 27. Rde1 Rg8 28. Kf2 Rxh6 29. Rh1 Rf6 30. f5 e6 31. Bh3 Kd7 32. Bxg4 Rxg4 33. Kf3 h5 34. Reg1 exf5 35. Rxg4 fxg4+ 36. Kg2 Rf3 37. Re1 Ke6 38. Re2 Ke5 39.
Re1 Re3 40. Rf1 Re2+ 41. Kg3 Rxc2 42. Rxf7 Rxa2 43. Rf5+ Kd6 44. Rxh5 Rd2 45. Rh6+ Ke5 46. Ra6 Rxd3+ 47. Kxg4 Rxb3 48. h5 Rb2 49. h6 a2 0-1

[Event "*** Titled Tuesday Blitz"]
[Site "Chess.com"]
[Date "2020.10.27"]
[Round "11"]
[White "shnitez"]
[Black "andrzej"]
[Result "1-0"]
[WhiteElo "2428"]
[BlackElo "2300"]
[TimeControl "180+1"]
[EndTime "12:06:52 PDT"]
[Termination "shnitez won by checkmate"]

1. e4 c6 2. d4 d5 3. e5 c5 4.
dxc5 e6 5. a3 Bxc5 6. b4 Be7 7.
Qg4 g6 8. Nf3 a5 9. c3 Nd7 10.
Bb5 Qb6 11. a4 axb4 12. cxb4 h5 13. Qf4 h4 14. h3 Rh5 15. Be3 Qc7 16. O-O Rf5 17.
Qg4 Kf8 18. Rc1 Qd8 19. Qd4 Rxf3 20. gxf3 Bg5 21. f4 Bh6 22. Nd2 Ne7 23. Nf3 Nf5 24.
Qd3 Nb6 25. a5 Nd7 26. Nd4 Nb8 27. Nxf5 gxf5 28. Qd1 Bd7 29. Bd3 Nc6 30. Qh5 Bg7 31. Kh2 d4 32. Bd2 Ne7 33. Rg1 Bc6 34. Qxh4 Qd5 35.
b5 Qf3 36. Qg3 Qxg3+ 37. fxg3 Bd5 38. Rgc1 Ke8 39. Bb4 Bf8 40. Bc5 Kd7 41. Bxd4 Ng6 42. h4 Ne7 43. Kg1 Ng8 44. Kf2 Nh6 45. Be2 Ng4+ 46.
Bxg4 fxg4 47. Ke3 Be7 48. Bc5 Bd8 49. a6 bxa6 50. Rxa6 Bc7 51. Rxa8 Bxa8 52. b6 Bb8 53. Bd6 Bxd6 54. exd6 Bd5 55. h5 Kxd6 56. h6 Be4 57.
Kxe4 f5+ 58. Ke3 Ke7 59. b7 Kf6 60. b8=Q Kg6 61. Qf8 e5 62. Qg7+ Kh5 63. Qg5# 1-0

[Event "*** Titled Tuesday Blitz"]
[Site "Chess.com"]
[Date "2020.10.27"]
[Round "11"]
[White "GigaQuparadze"]
[Black "Beca95"]
[Result "1-0"]
[WhiteElo "2860"]
[BlackElo "2914"]
[TimeControl "180+1"]
[EndTime "12:06:53 PDT"]
[Termination "GigaQuparadze won by resignation"]

1. e4 g6 2. d4 Bg7 3. Nc3 d6 4. Bg5 a6 5. Qd2 b5 6. a4 b4 7. Nd5 a5 8. c3 c6 9. Ne3 h6 10. Bh4 Nd7 11. Bc4 Ngf6 12. f3 O-O 13. Ne2 bxc3 14.
bxc3 Qc7 15. Ba2 Ba6 16. O-O e6 17. Rfb1 Nh5 18. Ng4 Kh7 19. Ne3 c5 20. Rc1 Bxe2 21. Qxe2 cxd4 22. cxd4 Qa7 23. Nc2 e5 24. Bf2 Nf4 25.
Qd2 Qa6 26. Rd1 Nf6 27. Rab1 Rac8 28. dxe5 dxe5 29. Rb6 Qe2 30. Ne3 h5 31. Rb2 Qa6 32. Nd5 N6xd5 33. exd5 Rfd8 34. Be3 h4 35. Rb6 Qa8 36.
d6 h3 37. d7 Rc7 38. Rd6 Nxg2 39. Bb6 Nh4 40. Bd5 Nxf3+ 41. Kf2 Nxd2 42. Bxa8 Rcxd7 43. Rxd7 Rxd7 44. Ke2 Bh6 45. Bh1 Rd6 46. Bxa5 Nc4 47. Rxd6 Nxd6 48. Bc7 Nf5 49. Bxe5 Bg7 50. Bf4 Nd4+ 51.
Kd3 Ne6 52. Bd6 Bh6 53. a5 Bf4 54. Bxf4 Nxf4+ 55. Kd4 Ne6+ 56. Kd5 Kg7 57. Kd6 Nd4 58. Bc6 g5 59. a6 g4 60. a7 g3 61. a8=Q g2 62.
Bxg2 Nf5+ 63. Ke5 1-0

[Event "*** Titled Tuesday Blitz"]
[Site "Chess.com"]
[Date "2020.10.27"]
[Round "11"]
[White "RaneshRatnesan"]
[Black "malakismayil"]
[Result "1-0"]
[WhiteElo "2184"]
[BlackElo "2241"]
[TimeControl "180+1"]
[EndTime "12:06:53 PDT"]
[Termination "RaneshRatnesan won on time"]

1. d4 Nf6 2. Nf3 e6 3. g3 d5 4. Bg2 Be7 5. O-O O-O 6. b3 c5 7. e3 Nbd7 8. Bb2 b6 9. Qe2 Bb7 10.
Rd1 Qc7 11. c4 Rfd8 12. Nc3 Ne4 13. Rac1 Nxc3 14. Bxc3 Bf6 15. dxc5 bxc5 16. cxd5 exd5 17. Bxf6 Nxf6 18. Qb2 Qe7 19. Qe5 Qxe5 20. Nxe5 Rac8 21. f4 Kf8 22. g4 h6 23. Bf3 Ke7 24. Kf2 Ne8 25.
h4 Rc7 26. g5 hxg5 27. hxg5 f6 28. Ng6+ Kf7 29. Bh5 Ke6 30. Bg4+ Kf7 31. Bh5 Nd6 32.
Ne5+ Ke7 33. gxf6+ gxf6 34. Rg1 Ne4+ 35. Ke2 Ba6+ 36. Kf3 fxe5 37. Rg7+ Kd6 38. Rg6+ Ke7 39. Rxa6 exf4 40. exf4 Rh8 41. Bg4 Rh2 42. Rd1 Rf2+ 43. Ke3 Rh2 44. Rxd5 Nc3 45. Re5+ Kf7 46. Bh5+ Kg7 47.
a4 Rh3+ 48. Kf2 Na2 49. Bg4 Rh2+ 50. Kg3 Rd2 51. Kh4 Nb4 52. Rae6 Rf7 53. Kg5 Nd3 54. Rg6+ Kf8 55. Rf5 Rxf5+ 56. Bxf5 Nf2 57. Kf6 Rd6+ 58. Be6 1-0

[Event "*** Titled Tuesday Blitz"]
[Site "Chess.com"]
[Date "2020.10.27"]
[Round "11"]
[White "SergeyKarjakin"]
[Black "crescentmoon2411"]
[Result "1-0"]
[WhiteElo "3023"]
[BlackElo "2886"]
[TimeControl "180+1"]
[EndTime "12:07:01 PDT"]
[Termination "SergeyKarjakin won by checkmate"]

1. e4 e5 2. Nf3 Nc6 3. Bc4 Bc5 4. c3 Nf6 5. d3 d6 6. O-O h6 7. Nbd2 a6 8. a4 O-O 9. Re1 Re8 10. Nf1 Ba7 11. Ng3 Be6 12. h3 Bxc4 13. dxc4 Ne7 14. Nh4 Qd7 15. a5 Rad8 16. Qf3 Qe6 17. Nhf5 Ng6 18. Be3 Bxe3 19. Nxe3 Nf4 20. Rad1 g6 21.
h4 h5 22. Ngf1 Ng4 23. Rd2 Rb8 24. Kh1 Nxe3 25. fxe3 Qf6 26. Qf2 b6 27. axb6 Rxb6 28. exf4 exf4 29. Nh2 Reb8 30. Nf3 a5 31. Kh2 a4 32. e5 dxe5 33. Rxe5 Kg7 34. c5 Rb3 35.
Qe2 a3 36. bxa3 Rxc3 37. Rd3 Rbb3 38. Rxc3 Rxc3 39. a4 Ra3 40. Qe4 Re3 41. Qd4 Rxf3 42. gxf3 Qxh4+ 43. Kg2 Qg3+ 44. Kf1 Qxf3+ 45. Ke1 Kh6 46. Re4 Kg5 47. Rxf4 Qh1+ 48. Kd2 Qb1 49. Qf6+ Kh6 50. Qh8+ Kg5 51. Qf6+ Kh6 52. Qd4 Qa2+ 53. Kc3 Qa3+ 54. Kc2 Qa2+ 55. Kd3 f5 56. Rf2 Qb3+ 57. Ke2 Kg5 58. Rg2+ Kh6 59. Qh8# 1-0

[Event "*** Titled Tuesday Blitz"]
[Site "Chess.com"]
[Date "2020.10.27"]
[Round "11"]
[White "Snegokhod"]
[Black "alexrustemov"]
[Result "0-1"]
[WhiteElo "2471"]
[BlackElo "2680"]
[TimeControl "180+1"]
[EndTime "12:07:01 PDT"]
[Termination "alexrustemov won on time"]

1. e4 e6 2. d3 d5 3. Nd2 c5 4. Ngf3 Nc6 5. g3 g6 6. Bg2 Bg7 7. O-O Nge7 8. Re1 b6 9. e5 Qc7 10. Qe2 h6 11. c4 g5 12. cxd5 Nxd5 13. Nc4 Kf8 14. h3 Ba6 15. b3 Rd8 16. Bb2 Nde7 17. Rad1 Nf5 18. Qe4 Nfd4 19. Bxd4 Nxd4 20. Nd6 Nb5 21.
Nxb5 Bxb5 22. d4 Bc6 23. Qe3 cxd4 24. Rxd4 Rxd4 25. Nxd4 Bd7 26. Rc1 Qxe5 27. Qxe5 Bxe5 28. Nc6 Bxc6 29. Rxc6 Ke7 30. Kf1 Rd8 31. Ke2 h5 32. Bf3 h4 33. gxh4 gxh4 34. Rc4 Rh8 35. a4 a5 36. b4 f5 37. b5 Bd6 38. Rc6 Bc5 39. Kf1 Rd8 40. Be2 Rd4 41. Bf3 Rxa4 42. Rc7+ Kf6 43.
Rc6 Ke5 44. Bh5 Ra2 45. Bf7 Rxf2+ 46. Ke1 Rb2 47. Rxe6+ Kf4 48. Be8 a4 49. Re2 a3 50.
Bf7 Rxb5 51. Ra2 Rb1+ 52. Ke2 Kg3 53. Be6 f4 54. Kd3 f3 55. Bg4 f2 56. Be2 Rb2 57. Ra1 a2 58. Bf1 Rb1 59. Rxa2 Rxf1 60. Ke4 Re1+ 61. Kf5 f1=Q+ 0-1

[Event "*** Titled Tuesday Blitz"]
[Site "Chess.com"]
[Date "2020.10.27"]
[Round "11"]
[White "topotun"]
[Black "Iskusnyh"]
[Result "1-0"]
[WhiteElo "2766"]
[BlackElo "2574"]
[TimeControl "180+1"]
[EndTime "12:07:06 PDT"]
[Termination "topotun won on time"]

1. d4 d5 2. g3 Nf6 3. Bg2 c6 4. Nf3 Bf5 5. c4 e6 6. Nc3 Nbd7 7. Qb3 Qb6 8. c5 Qa6 9. Bf1 Ne4 10. Nh4 Be7 11. Nxf5 exf5 12. e3 b5 13. Nxe4 fxe4 14. a4 h5 15. Ra3 Qa5+ 16. Bd2 b4 17. Qxb4 Qxb4 18. Bxb4 a5 19. Bc3 h4 20. g4 h3 21.
Rb3 Kd8 22. Rg1 Bh4 23. g5 Kc7 24. Rg4 Rh5 25. Ke2 Bxg5 26. Rg3 f5 27. Rxh3 Rxh3 28.
Bxh3 g6 29. Bf1 Kc8 30. h3 Bd8 31. f3 Nf6 32. f4 Bc7 33. Kf2 Kd7 34. Kg2 Kc8 35.
Be2 Kd7 36. Be1 Kc8 37. Bh4 Bd8 38. Bxf6 Bxf6 39. Rb6 Kc7 40. Ba6 Ra7 41. Kg3 Bd8 42.
h4 Kd7 43. Rb7+ Rxb7 44. Bxb7 Kc7 45. Ba6 Be7 46. Be2 Kd7 47. h5 gxh5 48. Bxh5 Bd8 49. Bg6 Kc7 50. Bxf5 Bf6 51. Be6 Kd8 52. Kg4 Ke7 53.
Bc8 Kd8 54. Ba6 Kd7 55. Be2 Ke7 56. Bd1 Kd7 57. Kg3 Ke7 58. Bh5 Kd7 59. Bf7 Ke7 60. Bh5 Kd7 61. Bd1 Ke7 62. Kg4 Kd7 63.
b4 axb4 64. a5 Kc7 65. Ba4 Kb7 66. f5 Be7 67. Kh5 1-0

[Event "*** Titled Tuesday Blitz"]
[Site "Chess.com"]
[Date "2020.10.27"]
[Round "11"]
[White "QuintilianoR"]
[Black "maximnovik"]
[Result "1/2-1/2"]
[WhiteElo "2654"]
[BlackElo "2527"]
[TimeControl "180+1"]
[EndTime "12:07:07 PDT"]
[Termination "Game drawn - insufficient material"]

1. e4 c6 2. d4 d5 3. exd5 cxd5 4. Bd3 Nf6 5. c3 Nc6 6. Bf4 Bg4 7. Qb3 Qc8 8. Nd2 e6 9. Ngf3 Bh5 10. O-O Bg6 11. Bxg6 hxg6 12. Rae1 Be7 13. h4 a6 14. g3 Qd7 15. Bg5 b5 16. a3 O-O 17. Qd1 a5 18. Ne5 Nxe5 19. dxe5 Nh7 20. Bxe7 Qxe7 21. Nf3 b4 22. cxb4 axb4 23. a4 b3 24. Qxb3 Rfb8 25. Qe3 Rxa4 26. Ra1 Rab4 27. Ra7 R4b7 28. Rfa1 Qb4 29.
Rxb7 Qxb7 30. Ra7 Qxb2 31. Qf4 Qb1+ 32. Kg2 Qf5 33. Qa4 Rf8 34. Ra8 Rxa8 35. Qxa8+ Nf8 36. Qd8 Qe4 37. Qd6 g5 38. hxg5 Ng6 39. Qb8+ Kh7 40. Qb2 Kg8 41. Qb8+ Nf8 42. Qb2 Nd7 43. Qb7 Nf8 44.
Qb6 g6 45. Qd4 Nd7 46. Qxe4 dxe4 47. Nd2 e3 48. fxe3 Nxe5 49. Ne4 Kf8 50. Kf2 Ke7 51.
Ke2 Kd7 52. Kd2 Kc6 53. Ke2 Kd5 54. Nf6+ Kc4 55. Ne4 Kd5 56. Nf6+ Kc6 57. Ne4 Nd7 58.
Kf3 Kd5 59. Nf2 Ke5 60. e4 Nc5 61. Ng4+ Kd4 62. Nh6 Nxe4 63. Nxf7 e5 64. Nh8 Nxg5+ 65. Ke2 Ne4 66. Nxg6 Nxg3+ 67. Kf3 e4+ 68. Kxg3 e3 69. Nf4 e2 70. Nxe2+ 1/2-1/2

[Event "*** Titled Tuesday Blitz"]
[Site "Chess.com"]
[Date "2020.10.27"]
[Round "11"]
[White "Paladin61"]
[Black "redbaron8888"]
[Result "1/2-1/2"]
[WhiteElo "2589"]
[BlackElo "2512"]
[TimeControl "180+1"]
[EndTime "12:07:12 PDT"]
[Termination "Game drawn by repetition"]

1. b3 e5 2. Bb2 Nc6 3. e3 d6 4. Nf3 Bg4 5. h3 Bxf3 6. Qxf3 Qf6 7. Qd1 O-O-O 8. g3 Nge7 9. Bg2 d5 10. d3 h5 11. Nd2 Kb8 12. a3 h4 13. g4 Qg6 14.
Qe2 f5 15. O-O-O Qf7 16. b4 a6 17. Nb3 Nc8 18. Rhf1 f4 19. exf4 exf4 20. Rfe1 Nb6 21. Kb1 Rh6 22. Qf3 Na4 23. Ba1 a5 24. b5 Na7 25. c4 Bxa3 26. Re5 Nb6 27. Nxa5 Bd6 28. Rf5 Qe7 29. Rxd5 Nxd5 30. Qxd5 c6 31. bxc6 Bc7 32. Qf3 Qb4+ 33. Kc2 Bxa5 34. Be5+ Bc7 35. Bxc7+ Kxc7 36. Qxf4+ Rhd6 37. Qf7+ R8d7 38. cxd7 Rxd7 39. Qf4+ Kc8 40. Qd2 Qa4+ 41. Kb1 Qb3+ 42. Kc1 Nc6 43. Bxc6 bxc6 44. Qb2 Qa4 45. Qc2 Qa3+ 46. Qb2 Qa4 47. Kd2 Qxc4 48.
Qc3 Qf4+ 49. Kc2 Qxf2+ 50. Rd2 Qf6 51. Qc4 Qd6 52. Qa6+ Rb7 53. Qc4 Kb8 54. Kd1 Qe7 55. Kc2 Qf6 56. Qg8+ Ka7 57. Qa2+ Kb8 58. Re2 Qd8 59. Re4 Rd7 60. Rb4+ Rb7 61. Re4 Rc7 62. Rb4+ Kc8 63. Rc4 Qd6 64. Qa6+ Kd7 65. Qa8 Qh2+ 66. Kc3 Qg1 67. Kc2 Qf2+ 68. Kc3 Qe1+ 69. Kc2 Qe2+ 70. Kc3 Qe1+ 71. Kc2 Qe2+ 72. Kc3 Qe1+ 1/2-1/2

[Event "*** Titled Tuesday Blitz"]
[Site "Chess.com"]
[Date "2020.10.27"]
[Round "11"]
[White "scarabee43"]
[Black "infinitegiantkiller"]
[Result "1/2-1/2"]
[WhiteElo "2562"]
[BlackElo "2444"]
[TimeControl "180+1"]
[EndTime "12:07:13 PDT"]
[Termination "Game drawn - insufficient material"]

1. Nf3 e6 2. c4 d5 3. e3 Nf6 4. b3 Be7 5. Bb2 O-O 6. Nc3 b6 7. Rc1 Bb7 8. d4 Nbd7 9. Bd3 Rc8 10. O-O c5 11. Qe2 Ne4 12. Rfd1 Nxc3 13. Bxc3 Bf6 14. cxd5 exd5 15. dxc5 Nxc5 16. Bf5 Rc7 17. Bd4 Bxd4 18. Nxd4 Ne4 19. Qd3 Rxc1 20. Rxc1 Qe7 21. g3 g6 22. Bxe4 dxe4 23. Qb5 Rc8 24. Rc4 Rxc4 25. Qxc4 Qc5 26. Qxc5 bxc5 27. Nb5 a6 28. Nc3 Bc6 29.
Kf1 f5 30. Ke2 Kf7 31. Kd2 Ke6 32. Ne2 g5 33. Kc3 h6 34. Nc1 Ke5 35. Kc4 Kd6 36. b4 Bd5+ 37. Kc3 cxb4+ 38. Kxb4 Ke5 39. a3 f4 40. Ne2 fxe3 41. fxe3 h5 42. Nd4 h4 43. gxh4 gxh4 44. a4 Bf7 45. Kc5 Kf6 46. a5 Kg5 47. h3 Be8 48. Ne6+ Kf6 49. Nc7 Bd7 50. Nxa6 Bxh3 51. Nc7 Bc8 52. Nd5+ Kg5 53. Nc3 Kg4 54. Nxe4 Kf3 55. Kd4 Bb7 56. Ng5+ Kg4 57. Nf7 h3 58. Ne5+ Kg3 59. Nf7 h2 60. Nd6 h1=Q 61. e4 Qd1+ 62. Ke5 Ba6 63. Ke6 Qa4 64. e5 Qxa5 65. Kf6 Kf4 66. e6 Qe5+ 67. Ke7 Qg7+ 68.
Kd8 Qf8+ 69. Kd7 Qg7+ 70. e7 Bb5+ 71. Nxb5 Qe5 72. Nd6 Qxe7+ 73. Kxe7 1/2-1/2

[Event "*** Titled Tuesday Blitz"]
[Site "Chess.com"]
[Date "2020.10.27"]
[Round "11"]
[White "sokidze"]
[Black "RobPeresian"]
[Result "1/2-1/2"]
[WhiteElo "2611"]
[BlackElo "2465"]
[TimeControl "180+1"]
[EndTime "12:07:15 PDT"]
[Termination "Game drawn - insufficient material"]

1. e4 e5 2. Nf3 Nc6 3. Bb5 a6 4. Ba4 Nf6 5. O-O Be7 6. Re1 b5 7. Bb3 d6 8. a4 Bg4 9. c3 O-O 10.
d3 h6 11. Nbd2 Na5 12. Ba2 c5 13. Nf1 c4 14. Ne3 Be6 15. Nf5 Bxf5 16. exf5 cxd3 17.
Nd2 Re8 18. Qf3 Qd7 19. Qxd3 Bf8 20. Ne4 Qxf5 21. Nxf6+ Qxf6 22. axb5 axb5 23. Qxb5 Reb8 24. Qd5 Nb3 25. Bxb3 Rxa1 26. Bc2 Rxb2 27. Qe4 Rxc2 28. Qxc2 Qg6 29. Qd2 Qb1 30. Kf1 d5 31. Qxd5 Ba3 32.
Bd2 Qb2 33. Qd8+ Bf8 34. Qd3 Rxe1+ 35. Bxe1 Qb3 36. Qe4 Qe6 37. c4 f5 38. Qd3 Bc5 39.
Bc3 Kh7 40. Ke2 e4 41. Qd5 Qxd5 42. cxd5 Kg6 43. f3 exf3+ 44. gxf3 Bd6 45. h3 Kf7 46. Ke3 g5 47. Kd4 Ke7 48. Kc4 Kd7 49. Bd2 Be5 50.
Kc5 Bd6+ 51. Kd4 Ke7 52. Bc3 Kd7 53. Kc4 h5 54. Bd2 g4 55. fxg4 fxg4 56. hxg4 hxg4 57. Be3 g3 58. Bg1 g2 59. Kd3 Bc7 60. Ke4 Kd6 61. Bh2+ Kd7 62. Bg1 Kd6 63. Bf2 Kd7 64. Kf3 Kd6 65. Ke4 Kd7 66. Bc5 Bh2 67. Kf3 g1=Q 68. Bxg1 Bxg1 69. Ke4 Kd6 70. Kd3 Kxd5 1/2-1/2

[Event "*** Titled Tuesday Blitz"]
[Site "Chess.com"]
[Date "2020.10.27"]
[Round "11"]
[White "paulrusan"]
[Black "pfalcon1949"]
[Result "1-0"]
[WhiteElo "2221"]
[BlackElo "2018"]
[TimeControl "180+1"]
[EndTime "12:07:18 PDT"]
[Termination "paulrusan won by checkmate"]

1. e4 c6 2. d4 d5 3. f3 dxe4 4. fxe4 e5 5. Nf3 Bg4 6. Bc4 Nd7 7. c3 Bd6 8. O-O Ngf6 9. Qd3 O-O 10. Bg5 b5 11. Bb3 a6 12. a4 Bc7 13. Nbd2 Nc5 14.
Qc2 Nxb3 15. Nxb3 exd4 16. cxd4 h6 17. Bxf6 Qxf6 18. Ne5 Qh4 19. g3 Qh3 20. Qxc6 Bxe5 21. dxe5 Rac8 22. Qb6 Rc2 23. Rf2 Rfc8 24. axb5 axb5 25.
Raf1 Be2 26. Re1 Bc4 27. Na5 Rxf2 28. Qxf2 Rd8 29. Nxc4 bxc4 30. Qf5 Qxf5 31. exf5 Rd2 32. Re4 Rxb2 33. Rxc4 Re2 34. Rc5 Kf8 35. g4 Re4 36. h3 h5 37. g5 Rf4 38. f6 gxf6 39. gxf6 Kg8 40. Kg2 Kh7 41. Kg3 Rf5 42. h4 Kg6 43. Rd5 Rf1 44. Rd8 Rg1+ 45. Kf4 Re1 46. Rg8+ Kh7 47. Rg7+ Kh8 48. Rxf7 Rf1+ 49. Ke4 Re1+ 50. Kf5 Kg8 51. Rg7+ Kf8 52. Ke6 Rf1 53. Ra7 Kg8 54.
Ra8+ Kh7 55. Ke7 Rf5 56. e6 Kg6 57. f7 Kg7 58. Rg8+ Kh7 59. f8=Q Rxf8 60. Rxf8 Kg7 61. Rf5 Kg6 62. Rxh5 Kxh5 63. Kf6 Kxh4 64. e7 Kg4 65. e8=Q Kf4 66. Qb5 Kf3 67. Qc4 Ke3 68. Ke5 Kf3 69. Qd4 Kg3 70. Qf4+ Kh3 71. Qg5 Kh2 72. Kf4 Kh1 73. Kf3 Kh2 74. Qg2# 1-0

[Event "*** Titled Tuesday Blitz"]
[Site "Chess.com"]
[Date "2020.10.27"]
[Round "11"]
[White "lelya96"]
[Black "MarceloPlaya"]
[Result "0-1"]
[WhiteElo "2188"]
[BlackElo "2271"]
[TimeControl "180+1"]
[EndTime "12:07:19 PDT"]
[Termination "MarceloPlaya won by resignation"]

1. e4 e6 2. d4 d5 3. Nc3 Bb4 4.
Ne2 dxe4 5. a3 Be7 6. Nxe4 Nf6 7. N2c3 Nbd7 8. g3 Nxe4 9. Nxe4 Nf6 10. Bg2 Nxe4 11. Bxe4 O-O 12. O-O Bf6 13. c3 c6 14.
Qc2 h6 15. Be3 e5 16. Rad1 exd4 17. Bxd4 Bxd4 18. Rxd4 Qf6 19. Bh7+ Kh8 20. Rf4 Qe7 21.
Bd3 Bh3 22. Rd1 Rad8 23. Bf1 Bxf1 24. Rxf1 Rd6 25. Re4 Qf6 26. Rf4 Qd8 27. Qb3 Qd7 28.
Re1 b6 29. Rfe4 Qf5 30. Rf4 Qd7 31. Rfe4 Rd2 32. R1e2 Rxe2 33. Rxe2 Re8 34. Rxe8+ Qxe8 35. Qc4 Qd7 36. Kg2 c5 37. Qe4 f5 38. Qe5 Kh7 39. h4 Qb7+ 40. f3 Qd7 41. Qe2 Qd5 42.
Qc2 c4 43. Kf2 Qc5+ 44. Kg2 a5 45. g4 g6 46. Qd2 fxg4 47. Qd7+ Kg8 48. Qe6+ Kg7 49.
Qd7+ Kf6 50. Qxg4 Qe5 51. Qxc4 b5 52. Qc6+ Kf5 53. Qd7+ Kf4 54. Qd2+ Kf5 55. Qd3+ Kf4 56. Qd4+ Kf5 57. Qxe5+ Kxe5 58. b3 a4 59. bxa4 bxa4 60. Kf2 Kd5 61. Ke2 Kc4 62. Kd2 Kb3 63. c4 Kxc4 64.
Kc2 Kd4 65. Kd2 h5 66. f4 Ke4 67. Kc3 Kxf4 68. Kb4 g5 69. Kxa4 gxh4 70. Kb5 h3 71.
a4 h2 72. a5 h1=Q 73. a6 Qa8 0-1